 Seeded DCSS version 0.30.1-9-gdf580d7c3d (webtiles) character file.

Game seed: 2394977854812512649 (custom seed)

236 Psyclone the Conjurer (level 5, 28/28 HPs)
             Began as a Deep Elf Conjurer on Oct 11, 2023.
             Quit the game on level 1 of the Dungeon.
             The game lasted 00:09:27 (3390 turns).

Psyclone the Conjurer (Deep Elf Conjurer)           Turns: 3390, Time: 00:09:27

Health: 28/28      AC:  2    Str:  4    XL:     5   Next: 77%
Magic:  14/14      EV: 13    Int: 25    God:
Gold:   20         SH:  0    Dex: 13    Spells: 10/13 levels left

rFire   . . .        q - +2 dagger (elec)
rCold   . . .        (no shield)
rNeg    . . .        a - +0 robe
rPois   .            (no helmet)
rElec   .            (no cloak)
rCorr   .            (no gloves)
SInv    .            (no boots)
Will    .....        (no amulet)
Stlth   +++          (no ring)
HPRegen 0.24/turn    (no ring)
MPRegen 0.14/turn

%: no passive effects
@: no status effects
A: no striking features
a: no special abilities


You were on level 1 of the Dungeon.
You visited 1 branch of the dungeon, and saw 3 of its levels.

You collected 20 gold pieces.

Inventory:

Hand Weapons
 q - a +2 dagger of electrocution (weapon)
 s - a +0 dagger
 t - a +0 dagger
Armour
 a - a +0 robe (worn)
Scrolls
 c - 2 scrolls of acquirement {unknown}
 e - 4 scrolls of identify {unknown}
 g - 5 scrolls of teleportation {unknown}
 k - a scroll of butterflies {unknown}
 l - a scroll of magic mapping {unknown}
 n - a scroll of immolation {unknown}
 o - a scroll of torment {unknown}
Potions
 b - a potion of magic
 d - 2 potions of berserk rage {unknown}
 f - a potion of might {unknown}
 h - a potion of lignification {unknown}
 i - a potion of brilliance {unknown}
 j - a potion of attraction {unknown}
 m - a potion of heal wounds {unknown}
 p - 2 potions of curing {unknown}
 r - 2 potions of mutation {unknown}


   Skills:
 + Level 4.2 Dodging
 + Level 4.4 Stealth
 + Level 4.8 Spellcasting
 + Level 5.4 Conjurations


You had 10 spell levels left.
You knew the following spells:

 Your Spells              Type           Power      Damage    Failure   Level
a - Magic Dart            Conj           100%       1d8       1%          1
b - Searing Ray           Conj           66%        2d6       1%          2

Your spell library contained the following spells:

 Spells                   Type           Power      Damage    Failure   Level
 Dazzling Flash           Conj/Hex       38%        N/A       9%          3
 Mephitic Cloud           Conj/Pois/Air  15%        N/A       12%         3
 Poisonous Vapours        Pois/Air       12%        N/A       13%         2
 Frozen Ramparts          Ice            12%        1d2       26%         3
 Portal Projectile        Hex/Tloc       12%        N/A       26%         3
 Tukima's Dance           Hex            6%         N/A       26%         3
 Fulminant Prism          Conj/Hex       9%         3d7       28%         4
 Iskenderun's Mystic Bla  Conj/Tloc      19%        2d6       28%         4
 Ice Form                 Ice/Tmut       6%         N/A       63%         4
 Summon Ice Beast         Ice/Summ       6%         N/A       63%         4
 Freezing Cloud           Conj/Ice/Air   7%         6-21      73%         5
 Blade Hands              Tmut           3%         N/A       93%         5


Dungeon Overview and Level Annotations

Branches:
Dungeon (3/15) Zot: 14611

Altars:
Cheibriados

Shops:
D:2 !


Message History

Found a stone staircase leading down.
Key pressed, stopping explore.
r - a lumpy black potion
g - 5 scrolls labelled UCAIWU KIGATZ (gained 1)
You see here 4 gold pieces.
Done exploring.
You see here a +0 whip.
Things that are here:
a +0 club; a +0 leather armour
There is an open door here.
Search for what [Enter for "lumpy", or ? for help]? .
(D) Dungeon
Where to? (Enter - D:3 @ (x,y), ? - help)
There is an open door here.
There is a stone staircase leading up here.
You climb upwards.
There is a stone staircase leading down here.
Search for what [Enter for "."]?
Okay, then.
Unknown command.
r - 2 lumpy black potions (gained 1)
Things that are here:
18 gold pieces; a +0 dagger
s - a +0 dagger
There is an open door here.
Things that are here:
a +0 dagger; a +0 sling
t - a +0 dagger
(D) Dungeon
Where to? (Enter - D:2 @ (x,y), ? - help)
You see here a +0 robe.
There is a stone staircase leading up here.
You climb upwards.
There is a stone staircase leading down here.
Search for what [Enter for "."]? .
Unknown command.
Unknown command.
Unknown command.
Unknown command.
Are you sure you want to abandon this character and quit the game? (Confirm with "yes".)

.# #.######.# #.####### .#
###.# #.# #.##....#
.######...# #.# #.##...[#
....##..########.####.##....#
#...##......................#
).......#######..#...###....#
#.....### #.....### #....#
#...#.# ##.#.### #....#
.$..#.### #.$.@# ##.)###
#...#...# ###..### #..##
#....##.###....# #.##
#....##.#...##.# #$#
###..##...####.#### #.#
#...##..# #>#..# #.#
###..#..# #.#.## #.# #
#.....# #.#.# #.# # #...).#
#.#.# #.#


There were no monsters in sight!

Vanquished Creatures
  Sigmund (D:2)
  3 worms (D:2)
  A dart slug (D:3)
  An orc (D:3)
  6 ball pythons
  5 endoplasms
  2 giant cockroaches
  12 goblins
  6 hobgoblins
  3 quokkas
  6 bats
  4 frilled lizards
  5 kobolds
  7 rats
62 creatures vanquished.

Notes
Turn   | Place    | Note
-------+----------+-------------------------------------------
     0 | D:1      | Psyclone the Deep Elf Conjurer began the quest for the Orb.
     0 | D:1      | Reached XP level 1. HP: 10/10 MP: 6/6
   212 | D:1      | Reached XP level 2. HP: 15/15 MP: 6/8
   259 | D:1      | Learned a level 2 spell: Searing Ray
   860 | D:1      | Reached XP level 3. HP: 19/19 MP: 8/10
   974 | D:2      | Noticed Sigmund
   978 | D:2      | Killed Sigmund
   979 | D:2      | Reached skill level 5 in Conjurations
   979 | D:2      | Reached XP level 4. HP: 24/24 MP: 5/12
   979 | D:2      | Reached XP level 5. HP: 28/28 MP: 5/13
  1486 | D:2      | Found Utwiat's Distillery.
  2133 | D:3      | Found a snail-covered altar of Cheibriados.
  3390 | D:1      | Quit the game

Illustrated notes

Levels and vault maps discovered:
D:1:      saegor_arrival_simple_c, layout_rooms
D:2:      layout_basic, serial_shops, shop, uniq_sigmund
D:3:      layout_basic, marbit_many_paths, serial_curves, eino_curves_01,
          eino_curves_03

Skill      XL: |  1  2  3 |
---------------+----------+-----
Dodging        | 3 4 |  4.2
Stealth        | 3 4 |  4.4
Spellcasting   | 4 |  4.8
Conjurations   | 5 |  5.4

Action                     |  1- 3 |  4- 6 || total
---------------------------+-------+-------++-------
  Melee: Unarmed           |     3 |       ||     3
   Cast: Magic Dart        |    47 |    71 ||   118
         Searing Ray       |     1 |     1 ||     2
 Armour: Robe              |     2 |     2 ||     4
  Dodge: Dodged            |    12 |     4 ||    16
